Thunder vs Saguenéens
(R1)
Created - December 22, 2017 at 22:44
Goals
|
| Thunder |
1 |
4 |
1 |
6 |
| Saguenéens |
1 |
2 |
1 |
4 |
|
Shots
|
| Thunder |
11 |
14 |
14 |
39 |
| Saguenéens |
10 |
9 |
9 |
28 |
|
1st period
1. Thunder , Daultan Leveillé 10 (Mike Hoffman 8, Dougie Hamilton 15) at 5:02
2. Saguenéens , Carl Hagelin 12 (Spencer Machacek 16, Brett Lebda 10) at 13:47 (PP)
Penalties :
Gianluca Curcuruto (TRO) for Interference (Minor) at 13:08
2nd period
3. Thunder , Dany Roussin 12 (Dougie Hamilton 16) at 1:17
4. Thunder , Dany Roussin 13 (Philip Varone 1) at 2:12
5. Saguenéens , Mason Raymond 20 (Carson Mcmillan 16) at 2:52 (PP)
6. Thunder , Pierre-Alexandre Parenteau 19 (Ryan Nugent-Hopkins 18, Dougie Hamilton 17) at 7:16
7. Thunder , Brandon Saad 5 (Ryan Nugent-Hopkins 19, David Fischer 14) at 8:09 (PP)
8. Saguenéens , Spencer Machacek 16 (Juraj Mikus 28) at 10:52
Penalties :
Pierre-Alexandre Parenteau (TRO) for Cross-checking (Minor) at 2:36, David Fischer (TRO) for Roughing (Minor) at 3:14, Juraj Mikus (Chi) for Holding (Minor) at 7:54, Carson Mcmillan (Chi) for Hooking (Minor) at 8:31, Dougie Hamilton (TRO) for Tripping (Minor) at 12:04, Zac Rinaldo (Chi) for Slashing (Minor) at 16:53
3rd period
9. Thunder , Pierre-Alexandre Parenteau 20 (Ryan Nugent-Hopkins 20) at 4:56 (PP)
10. Saguenéens , Juraj Mikus 12 (Brett Lebda 11) at 5:50
Penalties :
Jake McCabe (Chi) for Hooking (Minor) at 4:50, Brett Lebda (Chi) for Holding (Minor) at 8:02, Patrick Sieloff (Chi) for Roughing (Double Minor) at 10:20, Patrick Sieloff (Chi) for Slashing (Minor) at 16:20, Joe Labate (TRO) for Holding (Minor) at 19:15
Goalie Stats
Devan Dubnyk (TRO), 24 saves from 28 shots - (0.857), W, 7-11-3, 60:00 minutes
Mike Smith (Chi), 21 saves from 23 shots - (0.913), L, 20-7-0, 32:44 minutes
Martin Jones (Chi), 12 saves from 16 shots - (0.750), 27:16 minutes
Players Stats for Thunder
Player Name G A P +/- PIM S H SB GA TA FO MP PP MP PK MP
------------------------------------------------------------------------------------
Austin Wuthrich 0 0 0 0 0 1 0 0 0 0 0/0 6:59 0:59 0:00
Brandon Saad 1 0 1 0 0 5 1 0 0 0 0/0 21:02 6:31 0:42
Brett Festerling 0 0 0 1 0 2 0 0 1 0 0/0 23:53 5:23 2:16
Dany Roussin 2 0 2 1 0 4 1 0 1 1 4/6 14:17 1:00 3:28
Daultan Leveillé 1 0 1 1 0 2 3 1 0 0 9/9 18:13 4:52 0:52
David Fischer 0 1 1 1 2 6 3 4 2 0 0/0 31:39 6:53 2:23
Dougie Hamilton 0 3 3 2 2 9 0 0 2 1 0/0 29:15 6:53 2:42
Gianluca Curcuruto 0 0 0 -1 2 0 0 0 0 1 0/0 9:37 0:33 0:00
Jared Staal 0 0 0 1 0 0 3 0 0 0 0/1 9:41 0:00 0:00
Joe Labate 0 0 0 0 2 2 1 0 0 0 2/2 5:59 0:00 0:00
Joey Ryan 0 0 0 0 0 0 0 1 0 0 0/0 4:16 0:00 1:36
Mike Hoffman 0 1 1 1 0 1 1 0 1 0 0/0 18:41 4:45 1:27
Mikko Vainonen 0 0 0 1 0 0 0 1 0 0 0/0 21:27 4:50 2:17
Philip Varone 0 1 1 1 0 1 0 0 0 0 6/8 11:08 0:52 0:33
Pierre-Alexandre Parente 2 0 2 0 2 4 0 0 0 1 3/3 23:38 6:32 3:12
Ryan Nugent-Hopkins 0 3 3 0 0 1 0 1 0 0 20/38 20:19 6:32 0:00
Scott Parse 0 0 0 0 0 0 0 0 0 0 0/0 6:00 0:00 0:00
Thomas Spelling 0 0 0 1 0 1 1 0 0 0 1/1 17:14 4:45 0:00
Zach Stepan 0 0 0 0 0 0 0 0 0 0 0/0 1:00 0:00 1:00
Players Stats for Saguenéens
Player Name G A P +/- PIM S H SB GA TA FO MP PP MP PK MP
------------------------------------------------------------------------------------
Artur Gavrus 0 0 0 0 0 0 0 0 0 0 0/2 3:01 0:00 2:49
Brett Lebda 0 2 2 -1 2 0 3 3 0 0 0/0 27:03 3:39 5:53
Brody Sutter 0 0 0 0 0 0 0 0 0 0 0/0 0:00 0:00 0:00
Carl Hagelin 1 0 1 1 0 3 0 0 0 0 0/0 13:19 2:19 0:00
Carson Mcmillan 0 1 1 -2 2 1 1 0 1 0 7/15 23:40 3:18 4:54
Craig Cunningham 0 0 0 -1 0 1 5 1 0 0 1/1 10:54 0:00 2:46
Dalton Prout 0 0 0 -1 0 0 6 2 1 2 0/0 31:23 3:39 7:04
Henrik Samuelsson 0 0 0 0 0 1 0 0 0 1 0/3 7:49 0:00 0:25
Jake McCabe 0 0 0 1 2 1 0 1 0 1 0/0 19:20 1:58 4:36
Jerry D'Amigo 0 0 0 0 0 1 2 0 0 0 0/0 7:24 0:00 0:00
Juraj Mikus 1 1 2 1 2 2 2 1 0 1 1/6 13:18 2:19 0:00
Luke Witkowski 0 0 0 1 0 0 2 2 0 1 0/0 19:27 1:58 4:42
Mason Raymond 1 0 1 -2 0 4 1 1 1 1 0/1 24:31 3:18 5:56
Mikhail Grigorenko 0 0 0 0 0 0 0 0 0 0 0/0 1:53 0:00 1:53
Nicholas Walters 0 0 0 0 0 0 0 0 0 0 0/0 4:16 0:00 0:32
Nick Mattson 0 0 0 -2 0 3 0 0 0 0 0/0 8:39 0:00 0:29
Patrick Sieloff 0 0 0 -2 6 0 1 0 0 0 0/0 9:55 0:00 1:16
Rhett Rakhshani 0 0 0 -1 0 2 0 0 0 0 0/0 8:08 0:00 0:00
Spencer Machacek 1 1 2 1 0 3 1 1 1 0 0/1 16:27 2:19 3:02
Tanner Richard 0 0 0 -1 0 0 1 0 0 0 1/3 8:08 0:00 0:00
Teemu Pulkkinen 0 0 0 0 0 3 0 0 0 0 0/0 8:08 0:00 0:32
Zac Rinaldo 0 0 0 -2 2 3 1 0 0 0 13/36 20:54 3:18 2:15
3 Stars
1 - Dany Roussin (TRO)
2 - Spencer Machacek (Chi)
3 - Daultan Leveillé (TRO)
Power Play
Thunder - 2 on 8 Attempt(s) - 25.00%
Saguenéens - 2 on 5 Attempt(s) - 40.00%
Penalty Kill
Thunder - 3 on 5 Attempt(s) - 60.00%
- Score 0 goal in Penalty Kill
Saguenéens - 6 on 8 Attempt(s) - 75.00%
- Score 0 goal in Penalty Kill
Team Stat
Thunder - Hits : 14 - Faceoff Wins : 45 - Blocked Shots : 8 - Penalty Minutes : 10
Saguenéens - Hits : 26 - Faceoff Wins : 23 - Blocked Shots : 12 - Penalty Minutes : 16
Official
Referees : Rehman Kyle and VanMassenhoven Don
Linesman : Jonny Murray and Lonnie Cameron
Game Notes
Mike Smith enters game at 7:16 of 2nd period
Finance
Level 1 -- Attendance: 1447 (72.35%) -- Ticket Income $57,880
Level 2 -- Attendance: 686 (68.60%) -- Ticket Income $13,720
Total Attendance: 2133 (71.10%)
Total Ticket Income: $71,600
Other Income: $3,580
Total Income: $75,180
Thunder
5 vs 5 Forward
Center Left Wing Right Wing Time % Phy DF OF
1 Ryan Nugent-Hopkins Brandon Saad Pierre-Alexandre Parentea40 1 2 2
2 Daultan Leveillé Mike Hoffman Thomas Spelling 30 1 2 2
3 Philip Varone Dany Roussin Jared Staal 20 1 2 2
4 Joe Labate Scott Parse Austin Wuthrich 10 1 2 2
5 vs 5 Defense
Defense Defense Time % Phy DF OF
1 David Fischer Dougie Hamilton 40 1 2 2
2 Brett Festerling Mikko Vainonen 30 1 2 2
3 Gianluca Curcuruto David Fischer 20 1 2 2
4 Dougie Hamilton Brett Festerling 10 1 2 2
PowerPlay Forward
Center Left Wing Right Wing Time % Phy DF OF
1 Ryan Nugent-Hopkins Brandon Saad Pierre-Alexandre Parentea60 1 2 2
2 Daultan Leveillé Mike Hoffman Thomas Spelling 40 1 2 2
PowerPlay Defense
Defense Defense Time % Phy DF OF
1 David Fischer Dougie Hamilton 60 1 2 2
2 Brett Festerling Mikko Vainonen 40 1 2 2
Penalty Kill 4 Players Forward
Center Wing Time % Phy DF OF
1 Dany Roussin Pierre-Alexandre Parentea60 1 2 2
2 Daultan Leveillé Mike Hoffman 40 1 2 2
Penalty Kill 4 Players Defense
Defense Defense Time % Phy DF OF
1 David Fischer Dougie Hamilton 60 1 2 2
2 Brett Festerling Mikko Vainonen 40 1 2 2
Penalty Kill - 3 Players Forward
Forward Time % Phy DF OF
1 Dany Roussin 60 1 2 2
2 Pierre-Alexandre Parentea 40 1 2 2
Penalty Kill - 3 Players Defense
Defense Defense Time % Phy DF OF
1 David Fischer Dougie Hamilton 60 1 2 2
2 Brett Festerling Mikko Vainonen 40 1 2 2
4 vs 4 Forward
Center Wing Time % Phy DF OF
1 Ryan Nugent-Hopkins Pierre-Alexandre Parentea60 1 2 2
2 Daultan Leveillé Mike Hoffman 40 1 2 2
4 vs 4 Defense
Defense Defense Time % Phy DF OF
1 David Fischer Dougie Hamilton 60 1 2 2
2 Brett Festerling Mikko Vainonen 40 1 2 2
Last Minutes Offensive
Center Left Wing Right Wing Defense Defense
Daultan Leveillé Dany Roussin Pierre-Alexandre ParenteaDavid Fischer Dougie Hamilton
Last Minutes Defensive
Center Left Wing Right Wing Defense Defense
Daultan Leveillé Dany Roussin Pierre-Alexandre ParenteaDavid Fischer Dougie Hamilton
Goaltenders
Starting : Devan Dubnyk
Backup : Niklas Treutle
Extra Forwards
Normal : Ryan Nugent-Hopkins, Brandon Saad, Mike Hoffman - PP : Ryan Nugent-Hopkins, Brandon Saad - PK : Zach Stepan
Extra Defensemen
Normal : Gianluca Curcuruto, Mikko Vainonen, David Fischer - PP : Gianluca Curcuruto - PK : Mikko Vainonen, David Fischer
Penalty Shots
Dany Roussin, Pierre-Alexandre Parenteau, Daultan Leveillé, Mike Hoffman, Ryan Nugent-Hopkins
Scratches
Adam Hall (Sprained Left Knee Injury), David Wolf (Healthy), Dalton Smith (Healthy), Peter Andersson (Back Injury), Nikolay Prokhorkin (Healthy)
Connor Hellebyuk (Healthy)
Saguenéens
5 vs 5 Forward
Center Left Wing Right Wing Time % Phy DF OF
1 Zac Rinaldo Mason Raymond Carson Mcmillan 40 1 2 2
2 Juraj Mikus Carl Hagelin Spencer Machacek 30 1 2 2
3 Tanner Richard Craig Cunningham Rhett Rakhshani 20 1 2 2
4 Henrik Samuelsson Teemu Pulkkinen Jerry D'Amigo 10 1 2 2
5 vs 5 Defense
Defense Defense Time % Phy DF OF
1 Dalton Prout Brett Lebda 40 1 2 2
2 Luke Witkowski Jake McCabe 30 1 2 2
3 Nick Mattson Patrick Sieloff 20 1 2 2
4 Nicholas Walters Dalton Prout 10 1 2 2
PowerPlay Forward
Center Left Wing Right Wing Time % Phy DF OF
1 Zac Rinaldo Mason Raymond Carson Mcmillan 60 1 2 2
2 Juraj Mikus Carl Hagelin Spencer Machacek 40 1 2 2
PowerPlay Defense
Defense Defense Time % Phy DF OF
1 Dalton Prout Brett Lebda 60 1 2 2
2 Luke Witkowski Jake McCabe 40 1 2 2
Penalty Kill 4 Players Forward
Center Wing Time % Phy DF OF
1 Carson Mcmillan Mason Raymond 60 1 2 2
2 Zac Rinaldo Spencer Machacek 40 1 2 2
Penalty Kill 4 Players Defense
Defense Defense Time % Phy DF OF
1 Dalton Prout Brett Lebda 60 1 2 2
2 Luke Witkowski Jake McCabe 40 1 2 2
Penalty Kill - 3 Players Forward
Forward Time % Phy DF OF
1 Carson Mcmillan 60 1 2 2
2 Mason Raymond 40 1 2 2
Penalty Kill - 3 Players Defense
Defense Defense Time % Phy DF OF
1 Dalton Prout Brett Lebda 60 1 2 2
2 Luke Witkowski Jake McCabe 40 1 2 2
4 vs 4 Forward
Center Wing Time % Phy DF OF
1 Carson Mcmillan Mason Raymond 60 1 2 2
2 Zac Rinaldo Spencer Machacek 40 1 2 2
4 vs 4 Defense
Defense Defense Time % Phy DF OF
1 Dalton Prout Brett Lebda 60 1 2 2
2 Luke Witkowski Jake McCabe 40 1 2 2
Last Minutes Offensive
Center Left Wing Right Wing Defense Defense
Zac Rinaldo Mason Raymond Carson Mcmillan Dalton Prout Brett Lebda
Last Minutes Defensive
Center Left Wing Right Wing Defense Defense
Zac Rinaldo Mason Raymond Carson Mcmillan Dalton Prout Brett Lebda
Goaltenders
Starting : Martin Jones
Backup : Mike Smith
Extra Forwards
Normal : Mikhail Grigorenko, Brody Sutter, Artur Gavrus - PP : Mikhail Grigorenko, Brody Sutter - PK : Artur Gavrus
Extra Defensemen
Normal : Nick Mattson, Patrick Sieloff, Nicholas Walters - PP : Nick Mattson - PK : Patrick Sieloff, Nicholas Walters
Penalty Shots
Carson Mcmillan, Mason Raymond, Zac Rinaldo, Spencer Machacek, Carl Hagelin
Scratches
Garret Sparks (Healthy)
% Time on Ice - Thunder
Lines # - Real PCT - Wanted PCT - Time Play
Normal Forward
1 - 33% - 40% - 13:57
2 - 30% - 30% - 12:29
3 - 23% - 20% - 9:41
4 - 14% - 10% - 6:00
Normal Defense
1 - 37% - 40% - 15:29
2 - 33% - 30% - 14:05
3 - 19% - 20% - 7:53
4 - 11% - 10% - 4:40
PP Forward
1 - 59% - 60% - 7:11
2 - 41% - 40% - 5:05
PP Defense
1 - 61% - 60% - 7:26
2 - 39% - 40% - 4:50
PK Forward
1 - 85% - 60% - 4:45
2 - 15% - 40% - 0:52
PK Defense
1 - 78% - 60% - 4:22
2 - 22% - 40% - 1:15
PK3 Forward
1 - 0% - 60%
2 - 0% - 40%
PK3 Defense
1 - 0% - 60%
2 - 0% - 40%
44 Forward
1 - 0% - 60%
2 - 0% - 40%
44 Defense
1 - 0% - 60%
2 - 0% - 40%
Last Minute Offensive - 0:00
Last Minute Defensive - 0:00
Total
Forward - 60:00
Defense - 60:00
|
% Time on Ice - Saguenéens
Lines # - Real PCT - Wanted PCT - Time Play
Normal Forward
1 - 37% - 40% - 15:29
2 - 26% - 30% - 11:06
3 - 19% - 20% - 8:08
4 - 18% - 10% - 7:24
Normal Defense
1 - 42% - 40% - 17:32
2 - 30% - 30% - 12:47
3 - 19% - 20% - 8:10
4 - 9% - 10% - 3:38
PP Forward
1 - 59% - 60% - 3:18
2 - 41% - 40% - 2:19
PP Defense
1 - 65% - 60% - 3:39
2 - 35% - 40% - 1:58
PK Forward
1 - 75% - 60% - 9:14
2 - 25% - 40% - 3:02
PK Defense
1 - 62% - 60% - 7:34
2 - 38% - 40% - 4:42
PK3 Forward
1 - 0% - 60%
2 - 0% - 40%
PK3 Defense
1 - 0% - 60%
2 - 0% - 40%
44 Forward
1 - 0% - 60%
2 - 0% - 40%
44 Defense
1 - 0% - 60%
2 - 0% - 40%
Last Minute Offensive - 0:00
Last Minute Defensive - 0:00
Total
Forward - 60:00
Defense - 60:00
|
Play by Play
1st period
0:01 of 1st period - Ryan Nugent-Hopkins wins face-off versus Zac Rinaldo in neutral zone.
0:04 of 1st period - Brett Lebda is hit by Brandon Saad and loses puck.
0:25 of 1st period - Juraj Mikus is hit by Daultan Leveillé and loses puck.
0:34 of 1st period - Snap shot by Dougie Hamilton.
0:34 of 1st period - Stopped by Martin Jones without a rebound.
0:35 of 1st period - Philip Varone wins face-off versus Tanner Richard in Saguenéens zone.
0:42 of 1st period - Wrist shot by Philip Varone.
0:42 of 1st period - Shot Blocked by Luke Witkowski.
2:09 of 1st period - Wrist shot by Dany Roussin.
2:09 of 1st period - Shot Misses the Net.
2:11 of 1st period - Slapshot by Dougie Hamilton.
2:11 of 1st period - Stopped by Martin Jones with a rebound.
2:21 of 1st period - Scott Parse is hit by Jerry D'Amigo and loses puck.
2:28 of 1st period - Snap shot by Henrik Samuelsson.
2:28 of 1st period - Stopped by Devan Dubnyk with a rebound.
2:30 of 1st period - Snap shot by Nick Mattson.
2:30 of 1st period - Stopped by Devan Dubnyk without a rebound.
2:31 of 1st period - Ryan Nugent-Hopkins wins face-off versus Zac Rinaldo in Thunder zone.
2:43 of 1st period - Snap shot by Pierre-Alexandre Parenteau.
2:43 of 1st period - Shot Misses the Net.
2:57 of 1st period - Daultan Leveillé is hit by Dalton Prout and loses puck.
3:19 of 1st period - Craig Cunningham is hit by Jared Staal and loses puck.
3:47 of 1st period - Snap shot by Joe Labate.
3:47 of 1st period - Stopped by Martin Jones with a rebound.
4:03 of 1st period - Backhand shot by Teemu Pulkkinen.
4:03 of 1st period - Shot Blocked by David Fischer.
4:09 of 1st period - Slapshot by Mason Raymond.
4:09 of 1st period - Shot Misses the Net.
4:25 of 1st period - Snap shot by Spencer Machacek.
4:25 of 1st period - Deflect By Juraj Mikus.
4:25 of 1st period - Shot Blocked by Daultan Leveillé.
4:25 of 1st period - Puck is out of play.
4:26 of 1st period - Daultan Leveillé wins face-off versus Spencer Machacek in Thunder zone.
4:50 of 1st period - Snap shot by Mike Hoffman.
4:50 of 1st period - Shot Misses the Net.
4:54 of 1st period - Slapshot by Mike Hoffman.
4:54 of 1st period - Shot Misses the Net.
5:02 of 1st period - Snap shot by Daultan Leveillé.
5:02 of 1st period - Goal by Daultan Leveillé - Thunder : 1 - Saguenéens : 0.
5:03 of 1st period - Ryan Nugent-Hopkins wins face-off versus Zac Rinaldo in neutral zone.
5:06 of 1st period - Slapshot by David Fischer.
5:06 of 1st period - Deflect By Brandon Saad.
5:06 of 1st period - Shot Misses the Net.
5:06 of 1st period - Puck is out of play.
5:07 of 1st period - Zac Rinaldo wins face-off versus Ryan Nugent-Hopkins in Saguenéens zone.
5:52 of 1st period - Wrist shot by David Fischer.
5:52 of 1st period - Shot Misses the Net.
5:54 of 1st period - Slapshot by David Fischer.
5:54 of 1st period - Shot Misses the Net.
5:56 of 1st period - Slapshot by David Fischer.
5:56 of 1st period - Shot Misses the Net.
5:58 of 1st period - Slapshot by David Fischer.
5:58 of 1st period - Shot Blocked by Juraj Mikus.
6:00 of 1st period - Slapshot by Dougie Hamilton.
6:00 of 1st period - Stopped by Martin Jones without a rebound.
6:01 of 1st period - Pierre-Alexandre Parenteau wins face-off versus Zac Rinaldo in Saguenéens zone.
6:02 of 1st period - Wrist shot by Ryan Nugent-Hopkins.
6:02 of 1st period - Stopped by Martin Jones without a rebound.
6:03 of 1st period - Pierre-Alexandre Parenteau wins face-off versus Zac Rinaldo in Saguenéens zone.
6:06 of 1st period - Snap shot by Pierre-Alexandre Parenteau.
6:06 of 1st period - Shot Misses the Net.
6:08 of 1st period - Wrist shot by Pierre-Alexandre Parenteau.
6:08 of 1st period - Shot Misses the Net.
6:10 of 1st period - Slapshot by Brett Festerling.
6:10 of 1st period - Shot Misses the Net.
6:40 of 1st period - Snap shot by Carl Hagelin.
6:40 of 1st period - Stopped by Devan Dubnyk without a rebound.
6:41 of 1st period - Tanner Richard wins face-off versus Ryan Nugent-Hopkins in Thunder zone.
7:50 of 1st period - Scott Parse is hit by Craig Cunningham and loses puck.
7:57 of 1st period - Nick Mattson is hit by David Fischer and loses puck.
9:10 of 1st period - Icing by Carl Hagelin.
9:11 of 1st period - Ryan Nugent-Hopkins wins face-off versus Juraj Mikus in Saguenéens zone.
9:16 of 1st period - Snap shot by Pierre-Alexandre Parenteau.
9:16 of 1st period - Stopped by Martin Jones with a rebound.
9:24 of 1st period - Wrist shot by Spencer Machacek.
9:24 of 1st period - Shot Misses the Net.
9:26 of 1st period - Snap shot by Spencer Machacek.
9:26 of 1st period - Stopped by Devan Dubnyk without a rebound.
9:27 of 1st period - Daultan Leveillé wins face-off versus Zac Rinaldo in Thunder zone.
9:27 of 1st period - Daultan Leveillé is hit by Zac Rinaldo.
9:47 of 1st period - Icing by David Fischer.
9:48 of 1st period - Daultan Leveillé wins face-off versus Tanner Richard in Thunder zone.
10:13 of 1st period - Mason Raymond is hit by David Fischer and loses puck.
10:42 of 1st period - Snap shot by Carl Hagelin.
10:42 of 1st period - Shot Misses the Net.
11:58 of 1st period - Snap shot by Dany Roussin.
11:58 of 1st period - Shot Misses the Net.
12:12 of 1st period - Scott Parse is hit by Brett Lebda.
12:16 of 1st period - Joey Ryan is hit by Patrick Sieloff and loses puck.
12:21 of 1st period - Snap shot by Rhett Rakhshani.
12:21 of 1st period - Stopped by Devan Dubnyk without a rebound.
12:22 of 1st period - Zac Rinaldo wins face-off versus Ryan Nugent-Hopkins in Thunder zone.
12:23 of 1st period - Snap shot by Carson Mcmillan.
12:23 of 1st period - Shot Blocked by David Fischer.
12:25 of 1st period - Slapshot by Carson Mcmillan.
12:25 of 1st period - Shot Blocked by David Fischer.
12:27 of 1st period - Wrist shot by Carson Mcmillan.
12:27 of 1st period - Shot Misses the Net.
12:29 of 1st period - Snap shot by Carson Mcmillan.
12:29 of 1st period - Stopped by Devan Dubnyk with a rebound.
12:31 of 1st period - Wrist shot by Zac Rinaldo.
12:31 of 1st period - Stopped by Devan Dubnyk without a rebound.
12:32 of 1st period - Carson Mcmillan wins face-off versus Ryan Nugent-Hopkins in Thunder zone.
12:40 of 1st period - Icing by Gianluca Curcuruto.
12:41 of 1st period - Zac Rinaldo wins face-off versus Ryan Nugent-Hopkins in Thunder zone.
13:08 of 1st period - Minor Penalty to Gianluca Curcuruto for Interference.
13:09 of 1st period - Dany Roussin wins face-off versus Zac Rinaldo in Thunder zone.
13:23 of 1st period - Snap shot by Dany Roussin.
13:23 of 1st period - Stopped by Martin Jones with a rebound.
13:47 of 1st period - Wrist shot by Carl Hagelin.
13:47 of 1st period - Goal by Carl Hagelin - Thunder : 1 - Saguenéens : 1.
13:48 of 1st period - Ryan Nugent-Hopkins wins face-off versus Zac Rinaldo in neutral zone.
13:58 of 1st period - Snap shot by Mason Raymond.
13:58 of 1st period - Shot Misses the Net.
14:17 of 1st period - Icing by Dougie Hamilton.
14:18 of 1st period - Daultan Leveillé wins face-off versus Juraj Mikus in Thunder zone.
15:18 of 1st period - Backhand shot by Dougie Hamilton.
15:18 of 1st period - Stopped by Martin Jones without a rebound.
15:19 of 1st period - Zac Rinaldo wins face-off versus Ryan Nugent-Hopkins in Saguenéens zone.
15:47 of 1st period - Craig Cunningham is hit by Dany Roussin and loses puck.
17:20 of 1st period - Jared Staal is hit by Craig Cunningham and loses puck.
18:00 of 1st period - Wrist shot by Spencer Machacek.
18:00 of 1st period - Stopped by Devan Dubnyk with a rebound.
18:02 of 1st period - Slapshot by Carl Hagelin.
18:02 of 1st period - Stopped by Devan Dubnyk with a rebound.
18:12 of 1st period - Slapshot by Craig Cunningham.
18:12 of 1st period - Shot Blocked by Joey Ryan.
18:27 of 1st period - Icing by Mason Raymond.
18:28 of 1st period - Philip Varone wins face-off versus Zac Rinaldo in Saguenéens zone.
18:31 of 1st period - Snap shot by Dany Roussin.
18:31 of 1st period - Deflect By Philip Varone.
18:31 of 1st period - Stopped by Martin Jones without a rebound.
18:32 of 1st period - Zac Rinaldo wins face-off versus Ryan Nugent-Hopkins in Saguenéens zone.
19:18 of 1st period - Slapshot by David Fischer.
19:18 of 1st period - Stopped by Martin Jones with a rebound.
19:20 of 1st period - Slapshot by Jared Staal.
19:20 of 1st period - Shot Misses the Net.
19:22 of 1st period - Slapshot by Brett Festerling.
19:22 of 1st period - Shot Blocked by Craig Cunningham.
19:24 of 1st period - Snap shot by Dany Roussin.
19:24 of 1st period - Shot Misses the Net.
19:26 of 1st period - Snap shot by Philip Varone.
19:26 of 1st period - Shot Blocked by Jake McCabe.
Goals for this period are 1 for Thunder vs 1 for Saguenéens.
Shots for this period are 11 for Thunder vs 10 for Saguenéens.
2nd period
0:01 of 2nd period - Ryan Nugent-Hopkins wins face-off versus Zac Rinaldo in neutral zone.
0:06 of 2nd period - Slapshot by Pierre-Alexandre Parenteau.
0:06 of 2nd period - Shot Blocked by Dalton Prout.
0:08 of 2nd period - Slapshot by David Fischer.
0:08 of 2nd period - Stopped by Martin Jones without a rebound.
0:09 of 2nd period - Zac Rinaldo wins face-off versus Ryan Nugent-Hopkins in Saguenéens zone.
0:16 of 2nd period - Pierre-Alexandre Parenteau is hit by Dalton Prout and loses puck.
0:25 of 2nd period - Slapshot by David Fischer.
0:25 of 2nd period - Deflect By Pierre-Alexandre Parenteau.
0:25 of 2nd period - Shot Blocked by Dalton Prout.
0:25 of 2nd period - Puck is out of play.
0:26 of 2nd period - Daultan Leveillé wins face-off versus Juraj Mikus in Saguenéens zone.
0:38 of 2nd period - David Fischer is hit by Juraj Mikus and loses puck.
1:10 of 2nd period - Craig Cunningham is hit by David Fischer and loses puck.
1:15 of 2nd period - Wrist shot by Dany Roussin.
1:15 of 2nd period - Shot Misses the Net.
1:17 of 2nd period - Wrist shot by Dany Roussin.
1:17 of 2nd period - Goal by Dany Roussin - Thunder : 2 - Saguenéens : 1.
1:18 of 2nd period - Pierre-Alexandre Parenteau wins face-off versus Zac Rinaldo in neutral zone.
1:43 of 2nd period - Brett Festerling is hit by Dalton Prout and loses puck.
2:08 of 2nd period - Wrist shot by Dany Roussin.
2:08 of 2nd period - Stopped by Martin Jones without a rebound.
2:09 of 2nd period - Philip Varone wins face-off versus Zac Rinaldo in Saguenéens zone.
2:10 of 2nd period - Wrist shot by Dany Roussin.
2:10 of 2nd period - Shot Misses the Net.
2:12 of 2nd period - Slapshot by Dany Roussin.
2:12 of 2nd period - Goal by Dany Roussin - Thunder : 3 - Saguenéens : 1.
2:13 of 2nd period - Ryan Nugent-Hopkins wins face-off versus Zac Rinaldo in neutral zone.
2:36 of 2nd period - Minor Penalty to Pierre-Alexandre Parenteau for Cross-checking.
2:37 of 2nd period - Dany Roussin wins face-off versus Zac Rinaldo in Thunder zone.
2:50 of 2nd period - Wrist shot by Carson Mcmillan.
2:50 of 2nd period - Shot Misses the Net.
2:52 of 2nd period - Wrist shot by Mason Raymond.
2:52 of 2nd period - Goal by Mason Raymond - Thunder : 3 - Saguenéens : 2.
2:53 of 2nd period - Ryan Nugent-Hopkins wins face-off versus Mason Raymond in neutral zone.
3:14 of 2nd period - Minor Penalty to David Fischer for Roughing.
3:15 of 2nd period - Zac Rinaldo wins face-off versus Dany Roussin in Thunder zone.
3:30 of 2nd period - Snap shot by Mason Raymond.
3:30 of 2nd period - Stopped by Devan Dubnyk without a rebound.
3:31 of 2nd period - Dany Roussin wins face-off versus Carson Mcmillan in Thunder zone.
4:22 of 2nd period - Zac Rinaldo is hit by Daultan Leveillé and loses puck.
5:14 of 2nd period - Penalty to David Fischer is over, David Fischer is back on ice.
5:45 of 2nd period - Snap shot by Jerry D'Amigo.
5:45 of 2nd period - Stopped by Devan Dubnyk without a rebound.
5:46 of 2nd period - Philip Varone wins face-off versus Henrik Samuelsson in Thunder zone.
5:53 of 2nd period - Slapshot by Teemu Pulkkinen.
5:53 of 2nd period - Stopped by Devan Dubnyk with a rebound.
6:43 of 2nd period - Luke Witkowski is hit by Jared Staal and loses puck.
6:50 of 2nd period - Wrist shot by Dany Roussin.
6:50 of 2nd period - Shot Blocked by Luke Witkowski.
7:00 of 2nd period - Slapshot by Luke Witkowski.
7:00 of 2nd period - Shot Misses the Net.
7:02 of 2nd period - Slapshot by Nick Mattson.
7:02 of 2nd period - Stopped by Devan Dubnyk without a rebound.
7:03 of 2nd period - Zac Rinaldo wins face-off versus Ryan Nugent-Hopkins in Thunder zone.
7:16 of 2nd period - Snap shot by Pierre-Alexandre Parenteau.
7:16 of 2nd period - Goal by Pierre-Alexandre Parenteau - Thunder : 4 - Saguenéens : 2.
7:16 of 2nd period - Mike Smith enters game.
7:17 of 2nd period - Ryan Nugent-Hopkins wins face-off versus Zac Rinaldo in neutral zone.
7:54 of 2nd period - Minor Penalty to Juraj Mikus for Holding.
7:55 of 2nd period - Carson Mcmillan wins face-off versus Ryan Nugent-Hopkins in Saguenéens zone.
8:07 of 2nd period - Wrist shot by Ryan Nugent-Hopkins.
8:07 of 2nd period - Shot Blocked by Brett Lebda.
8:09 of 2nd period - Wrist shot by Brandon Saad.
8:09 of 2nd period - Goal by Brandon Saad - Thunder : 5 - Saguenéens : 2.
8:10 of 2nd period - Ryan Nugent-Hopkins wins face-off versus Carson Mcmillan in neutral zone.
8:15 of 2nd period - Snap shot by Pierre-Alexandre Parenteau.
8:15 of 2nd period - Shot Misses the Net.
8:17 of 2nd period - Snap shot by Brandon Saad.
8:17 of 2nd period - Stopped by Mike Smith with a rebound.
8:19 of 2nd period - Slapshot by David Fischer.
8:19 of 2nd period - Stopped by Mike Smith with a rebound.
8:21 of 2nd period - Slapshot by Dougie Hamilton.
8:21 of 2nd period - Deflect By Mason Raymond.
8:21 of 2nd period - Stopped by Mike Smith with a rebound.
8:23 of 2nd period - Wrist shot by David Fischer.
8:23 of 2nd period - Stopped by Mike Smith with a rebound.
8:25 of 2nd period - Snap shot by Brandon Saad.
8:25 of 2nd period - Shot Blocked by Brett Lebda.
8:31 of 2nd period - Minor Penalty to Carson Mcmillan for Hooking.
8:32 of 2nd period - Ryan Nugent-Hopkins wins face-off versus Artur Gavrus in Saguenéens zone.
8:33 of 2nd period - Snap shot by Dougie Hamilton.
8:33 of 2nd period - Stopped by Mike Smith with a rebound.
8:35 of 2nd period - Wrist shot by Ryan Nugent-Hopkins.
8:35 of 2nd period - Shot Misses the Net.
8:37 of 2nd period - Snap shot by Pierre-Alexandre Parenteau.
8:37 of 2nd period - Shot Misses the Net.
8:39 of 2nd period - Snap shot by Ryan Nugent-Hopkins.
8:39 of 2nd period - Shot Misses the Net.
8:41 of 2nd period - Snap shot by David Fischer.
8:41 of 2nd period - Deflect By Brett Lebda.
8:41 of 2nd period - Stopped by Mike Smith with a rebound.
9:18 of 2nd period - Snap shot by Mason Raymond.
9:18 of 2nd period - Stopped by Devan Dubnyk with a rebound.
9:20 of 2nd period - Wrist shot by Craig Cunningham.
9:20 of 2nd period - Stopped by Devan Dubnyk with a rebound.
10:14 of 2nd period - Thomas Spelling is hit by Dalton Prout and loses puck.
10:31 of 2nd period - Penalty to Carson Mcmillan is over, Carson Mcmillan is back on ice.
10:48 of 2nd period - Wrist shot by Dalton Prout.
10:48 of 2nd period - Shot Blocked by David Fischer.
10:50 of 2nd period - Slapshot by Carl Hagelin.
10:50 of 2nd period - Deflect By David Fischer.
10:50 of 2nd period - Shot Misses the Net.
10:50 of 2nd period - Puck is out of play.
10:51 of 2nd period - Juraj Mikus wins face-off versus Jared Staal in Thunder zone.
10:52 of 2nd period - Wrist shot by Spencer Machacek.
10:52 of 2nd period - Goal by Spencer Machacek - Thunder : 5 - Saguenéens : 3.
10:53 of 2nd period - Thomas Spelling wins face-off versus Zac Rinaldo in neutral zone.
10:55 of 2nd period - Off-side.
10:56 of 2nd period - Daultan Leveillé wins face-off versus Zac Rinaldo in neutral zone.
10:59 of 2nd period - Wrist shot by David Fischer.
10:59 of 2nd period - Shot Misses the Net.
12:04 of 2nd period - Minor Penalty to Dougie Hamilton for Tripping.
12:05 of 2nd period - Dany Roussin wins face-off versus Zac Rinaldo in Thunder zone.
12:05 of 2nd period - Dany Roussin is hit by Mason Raymond.
12:16 of 2nd period - Slapshot by Brett Lebda.
12:16 of 2nd period - Shot Misses the Net.
13:18 of 2nd period - Icing by Zac Rinaldo.
13:19 of 2nd period - Zac Rinaldo wins face-off versus Philip Varone in Saguenéens zone.
14:04 of 2nd period - Penalty to Dougie Hamilton is over, Dougie Hamilton is back on ice.
14:14 of 2nd period - Brett Festerling is hit by Tanner Richard.
15:09 of 2nd period - Wrist shot by Juraj Mikus.
15:09 of 2nd period - Stopped by Devan Dubnyk with a rebound.
15:35 of 2nd period - Slapshot by Dougie Hamilton.
15:35 of 2nd period - Deflect By Daultan Leveillé.
15:35 of 2nd period - Deflect By Dalton Prout.
15:35 of 2nd period - Stopped by Mike Smith with a rebound.
16:02 of 2nd period - Snap shot by Joe Labate.
16:02 of 2nd period - Stopped by Mike Smith with a rebound.
16:38 of 2nd period - Patrick Sieloff is hit by Mike Hoffman and loses puck.
16:53 of 2nd period - Minor Penalty to Zac Rinaldo for Slashing.
16:54 of 2nd period - Carson Mcmillan wins face-off versus Ryan Nugent-Hopkins in Saguenéens zone.
18:44 of 2nd period - Brandon Saad is hit by Spencer Machacek and loses puck.
18:53 of 2nd period - Penalty to Zac Rinaldo is over, Zac Rinaldo is back on ice.
19:05 of 2nd period - Mikko Vainonen is hit by Brett Lebda and loses puck.
19:12 of 2nd period - Brett Lebda is hit by Jared Staal and loses puck.
19:32 of 2nd period - Austin Wuthrich is hit by Jerry D'Amigo and loses puck.
Goals for this period are 4 for Thunder vs 2 for Saguenéens.
Shots for this period are 14 for Thunder vs 9 for Saguenéens.
3rd period
0:01 of 3rd period - Zac Rinaldo wins face-off versus Ryan Nugent-Hopkins in neutral zone.
0:04 of 3rd period - Brandon Saad is hit by Brett Lebda and loses puck.
0:27 of 3rd period - Dalton Prout is hit by Daultan Leveillé and loses puck.
0:32 of 3rd period - Slapshot by Mike Hoffman.
0:32 of 3rd period - Stopped by Mike Smith with a rebound.
0:34 of 3rd period - Slapshot by Brett Festerling.
0:34 of 3rd period - Stopped by Mike Smith without a rebound.
0:35 of 3rd period - Daultan Leveillé wins face-off versus Juraj Mikus in Saguenéens zone.
1:26 of 3rd period - Snap shot by Teemu Pulkkinen.
1:26 of 3rd period - Stopped by Devan Dubnyk without a rebound.
1:27 of 3rd period - Philip Varone wins face-off versus Henrik Samuelsson in Thunder zone.
2:00 of 3rd period - Snap shot by Dougie Hamilton.
2:00 of 3rd period - Deflect By Brandon Saad.
2:00 of 3rd period - Stopped by Mike Smith without a rebound.
2:01 of 3rd period - Zac Rinaldo wins face-off versus Ryan Nugent-Hopkins in Saguenéens zone.
2:49 of 3rd period - Philip Varone is hit by Craig Cunningham and loses puck.
3:11 of 3rd period - David Fischer is hit by Dalton Prout and loses puck.
3:30 of 3rd period - Carson Mcmillan is hit by Thomas Spelling and loses puck.
3:39 of 3rd period - Wrist shot by Thomas Spelling.
3:39 of 3rd period - Deflect By Carson Mcmillan.
3:39 of 3rd period - Stopped by Mike Smith with a rebound.
3:41 of 3rd period - Slapshot by Gianluca Curcuruto.
3:41 of 3rd period - Shot Misses the Net.
4:50 of 3rd period - Minor Penalty to Jake McCabe for Hooking.
4:51 of 3rd period - Ryan Nugent-Hopkins wins face-off versus Carson Mcmillan in Saguenéens zone.
4:56 of 3rd period - Wrist shot by Pierre-Alexandre Parenteau.
4:56 of 3rd period - Goal by Pierre-Alexandre Parenteau - Thunder : 6 - Saguenéens : 3.
4:57 of 3rd period - Zac Rinaldo wins face-off versus Ryan Nugent-Hopkins in neutral zone.
5:13 of 3rd period - Icing by Dalton Prout.
5:14 of 3rd period - Daultan Leveillé wins face-off versus Zac Rinaldo in Saguenéens zone.
5:17 of 3rd period - Snap shot by Mike Hoffman.
5:17 of 3rd period - Deflect By Daultan Leveillé.
5:17 of 3rd period - Shot Blocked by Brett Lebda.
5:17 of 3rd period - Puck is out of play.
5:18 of 3rd period - Daultan Leveillé wins face-off versus Zac Rinaldo in Saguenéens zone.
5:45 of 3rd period - David Fischer is hit by Juraj Mikus and loses puck.
5:50 of 3rd period - Snap shot by Juraj Mikus.
5:50 of 3rd period - Goal by Juraj Mikus - Thunder : 6 - Saguenéens : 4.
5:51 of 3rd period - Ryan Nugent-Hopkins wins face-off versus Zac Rinaldo in neutral zone.
6:16 of 3rd period - Daultan Leveillé is hit by Luke Witkowski and loses puck.
6:27 of 3rd period - Wrist shot by Carl Hagelin.
6:27 of 3rd period - Deflect By Juraj Mikus.
6:27 of 3rd period - Shot Misses the Net.
6:27 of 3rd period - Puck is out of play.
6:28 of 3rd period - Carson Mcmillan wins face-off versus Ryan Nugent-Hopkins in Thunder zone.
6:35 of 3rd period - Wrist shot by Zac Rinaldo.
6:35 of 3rd period - Shot Blocked by Ryan Nugent-Hopkins.
6:37 of 3rd period - Wrist shot by Carson Mcmillan.
6:37 of 3rd period - Deflect By Mason Raymond.
6:37 of 3rd period - Stopped by Devan Dubnyk with a rebound.
6:39 of 3rd period - Wrist shot by Zac Rinaldo.
6:39 of 3rd period - Stopped by Devan Dubnyk with a rebound.
7:12 of 3rd period - Icing by Brett Festerling.
7:13 of 3rd period - Craig Cunningham wins face-off versus Philip Varone in Thunder zone.
7:14 of 3rd period - Wrist shot by Rhett Rakhshani.
7:14 of 3rd period - Shot Blocked by Mikko Vainonen.
7:30 of 3rd period - Dany Roussin is hit by Luke Witkowski and loses puck.
7:41 of 3rd period - Slapshot by Luke Witkowski.
7:41 of 3rd period - Shot Misses the Net.
7:43 of 3rd period - Slapshot by Luke Witkowski.
7:43 of 3rd period - Shot Misses the Net.
7:45 of 3rd period - Wrist shot by Tanner Richard.
7:45 of 3rd period - Deflect By Rhett Rakhshani.
7:45 of 3rd period - Stopped by Devan Dubnyk without a rebound.
7:46 of 3rd period - Ryan Nugent-Hopkins wins face-off versus Zac Rinaldo in Thunder zone.
7:46 of 3rd period - Ryan Nugent-Hopkins is hit by Carson Mcmillan.
7:56 of 3rd period - Slapshot by David Fischer.
7:56 of 3rd period - Shot Misses the Net.
7:58 of 3rd period - Slapshot by David Fischer.
7:58 of 3rd period - Shot Misses the Net.
8:00 of 3rd period - Snap shot by Ryan Nugent-Hopkins.
8:00 of 3rd period - Shot Misses the Net.
8:02 of 3rd period - Minor Penalty to Brett Lebda for Holding.
8:03 of 3rd period - Carson Mcmillan wins face-off versus Ryan Nugent-Hopkins in Saguenéens zone.
8:16 of 3rd period - Snap shot by Dougie Hamilton.
8:16 of 3rd period - Stopped by Mike Smith without a rebound.
8:17 of 3rd period - Ryan Nugent-Hopkins wins face-off versus Carson Mcmillan in Saguenéens zone.
8:26 of 3rd period - Slapshot by Dougie Hamilton.
8:26 of 3rd period - Stopped by Mike Smith without a rebound.
8:27 of 3rd period - Ryan Nugent-Hopkins wins face-off versus Carson Mcmillan in Saguenéens zone.
8:28 of 3rd period - Slapshot by Dougie Hamilton.
8:28 of 3rd period - Deflect By Pierre-Alexandre Parenteau.
8:28 of 3rd period - Shot Blocked by Mason Raymond.
8:28 of 3rd period - Puck is out of play.
8:29 of 3rd period - Ryan Nugent-Hopkins wins face-off versus Carson Mcmillan in Saguenéens zone.
10:02 of 3rd period - Penalty to Brett Lebda is over, Brett Lebda is back on ice.
10:13 of 3rd period - Snap shot by Teemu Pulkkinen.
10:13 of 3rd period - Stopped by Devan Dubnyk without a rebound.
10:14 of 3rd period - Philip Varone wins face-off versus Henrik Samuelsson in Thunder zone.
10:20 of 3rd period - Double Minor Penalty to Patrick Sieloff for Roughing.
10:21 of 3rd period - Ryan Nugent-Hopkins wins face-off versus Carson Mcmillan in Saguenéens zone.
10:23 of 3rd period - Slapshot by Dougie Hamilton.
10:23 of 3rd period - Stopped by Mike Smith with a rebound.
10:25 of 3rd period - Snap shot by David Fischer.
10:25 of 3rd period - Stopped by Mike Smith with a rebound.
10:27 of 3rd period - Slapshot by Brandon Saad.
10:27 of 3rd period - Stopped by Mike Smith without a rebound.
10:28 of 3rd period - Carson Mcmillan wins face-off versus Ryan Nugent-Hopkins in Saguenéens zone.
11:56 of 3rd period - Brandon Saad is hit by Craig Cunningham and loses puck.
13:07 of 3rd period - Snap shot by Nick Mattson.
13:07 of 3rd period - Stopped by Devan Dubnyk with a rebound.
14:20 of 3rd period - Penalty to Patrick Sieloff is over, Patrick Sieloff is back on ice.
14:29 of 3rd period - Wrist shot by Juraj Mikus.
14:29 of 3rd period - Deflect By Carl Hagelin.
14:29 of 3rd period - Shot Misses the Net.
14:29 of 3rd period - Puck is out of play.
14:30 of 3rd period - Joe Labate wins face-off versus Juraj Mikus in Thunder zone.
14:35 of 3rd period - Snap shot by Joe Labate.
14:35 of 3rd period - Shot Misses the Net.
14:37 of 3rd period - Snap shot by Austin Wuthrich.
14:37 of 3rd period - Stopped by Mike Smith without a rebound.
14:38 of 3rd period - Joe Labate wins face-off versus Zac Rinaldo in Saguenéens zone.
14:47 of 3rd period - Wrist shot by Joe Labate.
14:47 of 3rd period - Shot Misses the Net.
15:03 of 3rd period - Snap shot by Brandon Saad.
15:03 of 3rd period - Stopped by Mike Smith with a rebound.
15:05 of 3rd period - Backhand shot by Ryan Nugent-Hopkins.
15:05 of 3rd period - Shot Misses the Net.
15:27 of 3rd period - Philip Varone is hit by Craig Cunningham and loses puck.
16:20 of 3rd period - Minor Penalty to Patrick Sieloff for Slashing.
16:21 of 3rd period - Carson Mcmillan wins face-off versus Ryan Nugent-Hopkins in Saguenéens zone.
16:33 of 3rd period - Backhand shot by Pierre-Alexandre Parenteau.
16:33 of 3rd period - Stopped by Mike Smith with a rebound.
16:35 of 3rd period - Snap shot by Brett Festerling.
16:35 of 3rd period - Stopped by Mike Smith without a rebound.
16:36 of 3rd period - Ryan Nugent-Hopkins wins face-off versus Carson Mcmillan in Saguenéens zone.
16:51 of 3rd period - Ryan Nugent-Hopkins is hit by Dalton Prout.
17:05 of 3rd period - Snap shot by Daultan Leveillé.
17:05 of 3rd period - Shot Blocked by Spencer Machacek.
17:07 of 3rd period - Slapshot by David Fischer.
17:07 of 3rd period - Shot Misses the Net.
17:52 of 3rd period - Icing by Ryan Nugent-Hopkins.
17:53 of 3rd period - Ryan Nugent-Hopkins wins face-off versus Artur Gavrus in Thunder zone.
18:20 of 3rd period - Penalty to Patrick Sieloff is over, Patrick Sieloff is back on ice.
18:30 of 3rd period - Snap shot by Tanner Richard.
18:30 of 3rd period - Shot Misses the Net.
19:02 of 3rd period - Mason Raymond is hit by Joe Labate and loses puck.
19:15 of 3rd period - Minor Penalty to Joe Labate for Holding.
19:16 of 3rd period - Zac Rinaldo wins face-off versus Dany Roussin in Thunder zone.
19:25 of 3rd period - Snap shot by Mason Raymond.
19:25 of 3rd period - Shot Misses the Net.
19:27 of 3rd period - Snap shot by Zac Rinaldo.
19:27 of 3rd period - Stopped by Devan Dubnyk with a rebound.
19:29 of 3rd period - Slapshot by Jake McCabe.
19:29 of 3rd period - Stopped by Devan Dubnyk with a rebound.
19:31 of 3rd period - Snap shot by Luke Witkowski.
19:31 of 3rd period - Shot Misses the Net.
Goals for this period are 1 for Thunder vs 1 for Saguenéens.
Shots for this period are 14 for Thunder vs 9 for Saguenéens.
Back to the Top